Map: Deathaura LE

Players

DnS

  • Race: Protoss Protoss
  • Spawn Location: 11:00

ArT - Winner!

  • Race: Protoss Protoss
  • Spawn Location: 5:00

Event: DreamHack SC2 Masters 2020 Summer Europe

VOD

Have the link to the VOD?

Description

Time

  • Played on: June 27, 2020, 10:13 a.m.
  • Length: 11:22

All games in this series

Show
View Real Time Build Order
Export as new Build Order

DnS Protoss 

Build Orders: Oracle Opening 

Get SALT Encoding   

  12  0:00  Probe  
  13  0:12  Probe  
  14  0:17  Pylon  
  14  0:24  Probe  
  15  0:32  Probe  
  15  0:36  Gateway  
  15  0:40  Probe  
  16  0:46  Assimilator  
  17  0:51  Probe  
  17  0:55  Assimilator  
  18  0:59  Probe  
  19  1:07  Gateway, Probe  
  19  1:17  Probe  
  20  1:25  Cybernetics Core  
  21  1:30  Probe  
  22  1:35  Pylon  
  22  1:44  Probe  
  23  1:56  Probe  
  24  2:01  Adept x2  
  24  2:02  Warp Gate  
  24  2:08  Probe  
  29  2:12  Pylon  
  29  2:19  Stargate  
  29  2:30  Pylon  
  29  2:34  Stalker  
  30  2:53  Oracle  
  33  3:07  Nexus  
  33  3:09  Probe  
  34  3:21  Pylon  
  34  3:23  Probe  
  35  3:37  Shield Battery  
  35  3:39  Shield Battery  
  35  3:40  Oracle  
  38  3:48  Shield Battery  
  38  3:50  Sentry  
  40  3:59  Pylon  
  38  4:15  Shield Battery  
  37  4:18  Stalker  
  37  4:19  Stalker  
  41  4:30  Pylon  
  39  4:45  Void Ray  
  43  4:57  Gateway  
  43  5:05  Gateway  
  43  5:10  Stalker  
  45  5:34  Pylon  
  45  5:35  Pylon  
  42  5:52  Stalker  
  42  5:59  Sentry  
  42  6:02  Shield Battery x2  
  44  6:08  Void Ray  
  48  6:17  Stalker  
  50  6:24  Sentry  
  52  6:26  Pylon  
  52  6:41  Stalker  
  54  6:52  Phoenix  
  54  6:58  Robotics Facility  
  54  7:01  Adept  
  56  7:04  Pylon  
  56  7:05  Adept  
  58  7:17  Pylon  
  58  7:26  Adept  
  58  7:27  Adept  
  62  7:38  Immortal  
  66  7:54  Robotics Bay  
  66  8:10  Warp Prism  
  63  8:27  Adept x2  
  65  8:42  Colossus  
  71  9:04  Adept  
  73  9:22  Adept  
  75  9:30  Adept  
  73  9:54  Stalker x2  
  77  10:02  Pylon  
  75  10:28  Stalker x2  
  77  10:51  Stalker x2  
  57  11:16  Stalker x2  
Show
View Real Time Build Order
Export as new Build Order

ArT Protoss - Winner!

Build Orders:  

Get SALT Encoding   

  12  0:02  Probe  
  13  0:14  Probe  
  13  0:17  Pylon  
  14  0:26  Probe  
  15  0:34  Probe  
  15  0:36  Gateway  
  15  0:42  Probe  
  16  0:48  Assimilator  
  17  0:52  Probe  
  17  0:56  Assimilator  
  18  1:00  Probe  
  18  1:08  Gateway  
  18  1:09  Probe  
  20  1:19  Probe  
  20  1:24  Cybernetics Core  
  21  1:31  Probe  
  22  1:34  Pylon  
  22  1:43  Probe  
  23  2:01  Robotics Facility  
  23  2:02  Adept x2  
  23  2:08  Probe  
  28  2:09  Warp Gate  
  28  2:16  Pylon  
  27  2:37  Stalker x2  
  27  2:40  Immortal  
  35  2:54  Probe  
  36  3:02  Shield Battery  
  36  3:11  Pylon  
  36  3:12  Warp Prism  
  42  3:48  Immortal  
  41  3:58  Stalker x2  
  37  4:06  Probe  
  36  4:18  Probe  
  36  4:23  Sentry, Stalker  
  41  4:33  Probe  
  41  4:36  Observer  
  43  4:41  Pylon  
  43  4:49  Probe  
  39  4:55  Stalker  
  39  4:56  Sentry  
  39  4:58  Probe  
  42  5:06  Probe  
  43  5:10  Observer  
  44  5:18  Probe  
  45  5:23  Stalker  
  47  5:29  Stalker  
  47  5:33  Probe  
  50  5:45  Probe  
  51  5:54  Stalker  
  53  5:57  Pylon  
  53  5:58  Probe  
  54  6:08  Probe  
  55  6:18  Twilight Council, Probe  
  56  6:28  Pylon  
  56  6:35  Blink  
  56  6:48  Probe  
  53  7:00  Sentry  
  55  7:02  Probe  
  55  7:21  Observer  
  55  7:25  Nexus  
  55  7:27  Probe  
  56  7:38  Stalker x2  
  60  7:47  Probe  
  60  7:50  Pylon  
  61  8:00  Probe  
  62  8:09  Stalker x2  
  66  8:18  Probe  
  63  8:28  Probe  
  64  8:35  Stalker x2, Observer  
  64  8:36  Probe  
  64  8:39  Probe  
  70  8:46  Probe  
  70  8:48  Gateway  
  71  9:00  Stalker  
  73  9:05  Stalker  
  75  9:11  Probe x2  
  71  9:26  Stalker  
  71  9:30  Stalker  
  71  9:31  Probe  
  75  9:35  Observer  
  75  9:36  Gateway  
  74  9:47  Stalker  
  76  9:54  Stalker x2  
  80  10:00  Pylon  
  80  10:07  Shield Battery  
  80  10:12  Stalker  
  82  10:14  Pylon  
  82  10:22  Stalker x2  
  82  10:27  Pylon  
  86  10:34  Stalker  
  88  10:37  Stalker  
  90  10:46  Stalker, Shield Battery  
  90  10:51  Stalker  
  90  10:57  Stalker  
  86  11:08  Stalker  
  72  11:18  Stalker x2  
Tags
 
Add a new tag
Caveats
  • Supply blocks, unpowered buildings, or Contaminate may cause inaccurate times.
  • Supply counts are checked every 10 seconds.